[Event "fics rated crazyhouse match"]
[Site "fics, Oklahoma City, OK USA"]
[Date "2000.03.02"]
[White "pminear"]
[WhiteElo "2422"]
[Black "Tecumseh"]
[BlackElo "2286"]
[TimeControl "60+0"]
[Result "1-0"]

1. e4 Nc6 2. Nc3 Nf6 3. d4 d5 4. exd5 Nxd5 5. Nf3 Bg4 6. Be2 
e6 7. Nxd5 exd5 8. N@e5 Bh5 9. Nxc6 bxc6 10. N@e5 P@d7 11. Ng5 Bg6 
12. P@f5 Bxf5 13. Ngxf7 Qe7 14. Nxh8 O-O-O 15. Ba6+ P@b7 16. Bd3 Bxd3 17. cxd3 
d6 18. R@f7 Qh4 19. B@g4+ Kb8 20. Nd7+ Ka8 21. Nxf8 B@a5+ 22. Bd2 Bxd2+ 
23. Qxd2 Qxg4 24. B@f3 Qh4 25. P@e7 Re8 26. B@d7 Rxe7+ 27. Rxe7 Qxe7+ 28. Qe2 
Qxf8 29. R@e8+ R@d8 30. Rxf8 Rxf8 31. Bxc6 B@a5+ 32. Kf1 
{Tecumseh forfeits on time} 1-0

[Event "fics rated crazyhouse match"]
[Site "fics, Oklahoma City, OK USA"]
[Date "2000.03.02"]
[White "Tecumseh"]
[WhiteElo "2281"]
[Black "pminear"]
[BlackElo "2427"]
[TimeControl "60+0"]
[Result "0-1"]

1. e4 e5 2. d3 Nc6 3. Nf3 Bc5 4. Be2 Nf6 5. Nc3 d5 6. exd5 
Nxd5 7. Nxd5 Qxd5 8. N@h5 Rg8 9. Bh6 Bxf2+ 10. Kd2 N@f5 11. Bxg7 Be3+ 
12. Ke1 P@f2+ 13. Kf1 P@e7 14. P@h6 Be6 15. P@d2 O-O-O 16. a4 Bxh6 17. Bxh6 
Nxh6 18. a5 P@h3 19. Nh4 hxg2+ 20. Kxf2 gxh1=N+ 21. Qxh1 Qxh1 22. a6 R@g2+ 
23. Ke3 Q@d4+ 24. Kf3 Rf2# 
{Tecumseh checkmated} 0-1

[Event "fics rated crazyhouse match"]
[Site "fics, Oklahoma City, OK USA"]
[Date "2000.03.02"]
[White "pminear"]
[WhiteElo "2432"]
[Black "Tecumseh"]
[BlackElo "2276"]
[TimeControl "60+0"]
[Result "1-0"]

1. e4 Nc6 2. d4 Nf6 3. Nc3 d5 4. exd5 Nxd5 5. Nf3 e6 6. Bb5 
Bd7 7. Nxd5 exd5 8. Bxc6 bxc6 9. Ne5 B@a5+ 10. P@c3 P@f6 11. Nxd7 Qxd7 
12. Qe2+ N@e4 13. B@b7 Rd8 14. N@g3 Be7 15. N@f5 Rg8 16. Nxe7 Qxe7 17. Bxc6+ 
Kf8 18. Bxd5 Rxd5 19. Nxe4 N@h4 20. B@h3 B@f5 21. Bxf5 Nxg2+ 22. Kf1 Rxf5 
23. N@c6 Qe8 24. P@e7+ Qxe7 25. Nxe7 P@f3 26. Q@d8+ B@e8 27. Ng6+ fxg6 28. B@e7+ 
Kf7 29. P@e6+ Kxe6 30. Ng5# 
{Tecumseh checkmated} 1-0

[Event "fics rated crazyhouse match"]
[Site "fics, Oklahoma City, OK USA"]
[Date "2000.03.02"]
[White "Tecumseh"]
[WhiteElo "2271"]
[Black "pminear"]
[BlackElo "2437"]
[TimeControl "60+0"]
[Result "1-0"]

1. e4 e5 2. d4 exd4 3. Nf3 Bc5 4. Bc4 Qf6 5. Bg5 Qg6 6. h4 
Qxe4+ 7. Qe2 P@e3 8. O-O exf2+ 9. Rxf2 P@e3 10. Rf1 d5 11. Bb5+ Bd7 
12. Bd3 Qe6 13. P@f5 h6 14. fxe6 hxg5 15. exd7+ Nxd7 16. Nxg5 B@f2+ 17. Kh1 
Rxh4+ 18. B@h3 P@g4 19. P@h7 O-O-O 20. Q@a8+ Nb8 21. hxg8=Q Rxg8 22. Bf5+ P@e6 
23. Bxg4 P@f6 24. Nxf7 Rf8 25. Bxe6+ P@d7 26. Bxd7# 
{pminear checkmated} 1-0

[Event "fics rated crazyhouse match"]
[Site "fics, Oklahoma City, OK USA"]
[Date "2000.03.02"]
[White "pminear"]
[WhiteElo "2425"]
[Black "Firefly"]
[BlackElo "2570"]
[TimeControl "60+0"]
[Result "1-0"]

1. e4 e6 2. Nc3 Nf6 3. e5 Nd5 4. Nxd5 exd5 5. Nf3 Nc6 6. d4 
d6 7. Bb5 N@e4 8. Qe2 Bd7 9. c4 dxe5 10. cxd5 Nxd4 11. Nxd4 exd4 
12. Qxe4+ P@e7 13. Bxd7+ Qxd7 14. P@e6 B@a5+ 15. B@d2 Qa4 16. exf7+ Kd8 17. N@c6+ 
bxc6 18. N@b7+ Kc8 19. Nxa5 Rb8 20. P@d7+ Kd8 21. N@e6+ Kxd7 22. dxc6+ Kd6 
23. B@c5# 
{Firefly checkmated} 1-0

[Event "fics rated crazyhouse match"]
[Site "fics, Oklahoma City, OK USA"]
[Date "2000.03.02"]
[White "Firefly"]
[WhiteElo "2559"]
[Black "pminear"]
[BlackElo "2436"]
[TimeControl "60+0"]
[Result "1-0"]

1. e4 e5 2. Nf3 Nc6 3. Bc4 Bc5 4. O-O Nf6 5. c3 Nxe4 6. Bxf7+ 
Kxf7 7. d4 B@h5 8. dxc5 Kf8 9. B@d5 Nxc5 10. P@h6 gxh6 11. Bxh6+ P@g7 
12. Bxg7+ Kxg7 13. P@g5 P@e7 14. Bxc6 bxc6 15. N@f5+ Kf7 16. Nxe5+ Ke6 17. Qxh5 
Kxe5 18. B@h3 N@f4 19. Re1+ B@e4 20. P@d4+ Kd5 21. P@c4+ Kxc4 22. Na3+ Kd3 
23. Qd1+ P@d2 24. Qc2# 
{pminear checkmated} 1-0

[Event "fics rated crazyhouse match"]
[Site "fics, Oklahoma City, OK USA"]
[Date "2000.03.02"]
[White "pminear"]
[WhiteElo "2431"]
[Black "Firefly"]
[BlackElo "2564"]
[TimeControl "60+0"]
[Result "1-0"]

1. e4 e5 2. Nf3 Nc6 3. Nc3 Bc5 4. Bc4 d6 5. d3 Nge7 6. Bxf7+ 
Kxf7 7. Ng5+ Kf8 8. Nd5 B@e6 9. Nxe7 Qxe7 10. P@d5 Bg4 11. N@e6+ Bcxe6 
12. Nxe6+ Bxe6 13. dxe6 Nd4 14. B@g4 N@f6 15. B@g5 N@b6 16. Bxf6 Qxf6 17. N@d5 
Nxd5 18. exd5 B@a4 19. O-O h5 20. Bxh5 Rxh5 21. Qxh5 B@g6 22. R@h8+ N@g8 
23. Rxg8+ Kxg8 24. Qxg6 Qxg6 25. N@e7+ Kh7 26. Nxg6 N@h3+ 27. gxh3 Nf3+ 28. Kh1 
Bxc2 29. N@f8+ Rxf8 30. Nxf8+ Kg8 31. R@h8+ Kxh8 32. Q@h7# 
{Firefly checkmated} 1-0

[Event "fics rated crazyhouse match"]
[Site "fics, Oklahoma City, OK USA"]
[Date "2000.03.02"]
[White "Firefly"]
[WhiteElo "2553"]
[Black "pminear"]
[BlackElo "2442"]
[TimeControl "60+0"]
[Result "0-1"]

1. e4 e5 2. Nf3 Nc6 3. Bc4 Bc5 4. O-O Nf6 5. c3 Nxe4 6. Bxf7+ 
Kxf7 7. d4 exd4 8. cxd4 Be7 9. d5 Nb4 10. Ne5+ Kf8 11. P@h6 B@f6 
12. hxg7+ Bxg7 13. P@h6 Bxe5 14. P@g7+ Bxg7 15. hxg7+ Kxg7 16. B@h6+ Kf7 17. Qf3+ 
N@f6 18. Qxe4 Nxe4 19. N@e5+ Kf6 20. Ng4+ Kf5 21. h3 P@e2 22. Re1 Q@f1+ 
23. Rxf1 exf1=Q+ 24. Kxf1 R@d1+ 25. Ke2 P@d3+ 26. Kxd1 P@e2+ 27. Ke1 Nc2# 
{Firefly checkmated} 0-1

[Event "fics rated crazyhouse match"]
[Site "fics, Oklahoma City, OK USA"]
[Date "2000.03.02"]
[White "pminear"]
[WhiteElo "2452"]
[Black "Firefly"]
[BlackElo "2543"]
[TimeControl "60+0"]
[Result "0-1"]

1. e4 e6 2. Nc3 Nc6 3. d4 d5 4. exd5 exd5 5. Nf3 Bb4 6. Bb5 
Qe7+ 7. Ne5 Bxc3+ 8. bxc3 P@d6 9. O-O dxe5 10. dxe5 N@e4 11. Qxd5 Nxc3 
12. Bxc6+ P@d7 13. Qf3 bxc6 14. N@f5 B@d5 15. Qg4 Bxg2 16. Qxg2 Qxe5 17. Nxg7+ 
Kd8 18. B@f4 N@h3+ 19. Qxh3 Qxg7+ 20. Bg5+ P@f6 21. P@h6 Nxh6 22. N@h5 d6 
23. Nxg7 Bxh3 24. Bxf6+ P@e7 25. Bxe7+ Kd7 26. P@e6+ fxe6 27. B@f3 N@e2+ 28. Kh1 
P@g2+ 29. Bxg2 Bxg2+ 30. Kxg2 P@f3+ 31. Kxf3 Q@e4# 
{pminear checkmated} 0-1

[Event "fics rated crazyhouse match"]
[Site "fics, Oklahoma City, OK USA"]
[Date "2000.03.02"]
[White "Firefly"]
[WhiteElo "2549"]
[Black "pminear"]
[BlackElo "2446"]
[TimeControl "60+0"]
[Result "0-1"]

1. e4 e5 2. Nf3 Nc6 3. Bc4 Bc5 4. O-O Nf6 5. d3 d5 6. exd5 
Nxd5 7. P@h6 Rg8 8. hxg7 Be6 9. Bh6 P@g4 10. Ng5 Qf6 11. Nxe6 fxe6 
12. B@g5 Qf5 13. Bxd5 exd5 14. N@f6+ Kf7 15. Nxg8 Rxg8 16. R@f6+ Qxf6 17. Bxf6 
Kxf6 18. P@g5+ Ke6 19. Q@f6+ Kd7 20. Qf7+ N@e7 21. Qxg4+ Kd8 22. Qxg8+ Nxg8 
23. R@c8+ Ke7 24. P@f6+ Kf7 25. Qh5+ B@g6 26. Rf8+ Ke6 27. Qxg6 hxg6 28. B@h3+ 
B@f5 29. Re8+ Kd7 30. Rxg8 Bxh3 31. N@b8+ Nxb8 32. Rd8+ Kc6 33. g8=Q N@f3+ 
34. Kh1 Bxg2+ 35. Kxg2 N@h4+ 36. Kh3 Q@g2# 
{Firefly checkmated} 0-1

[Event "fics rated crazyhouse match"]
[Site "fics, Oklahoma City, OK USA"]
[Date "2000.03.02"]
[White "pminear"]
[WhiteElo "2456"]
[Black "Firefly"]
[BlackElo "2539"]
[TimeControl "60+0"]
[Result "1-0"]

1. e4 e6 2. Nc3 Nc6 3. d4 d5 4. exd5 exd5 5. Bb5 Bb4 6. Nf3 
Qe7+ 7. P@e5 Nf6 8. O-O Bxc3 9. exf6 gxf6 10. bxc3 Rg8 11. N@g3 P@e4 
12. Re1 Be6 13. B@a4 P@d7 14. Bxc6 bxc6 15. Nh4 B@g4 16. f3 exf3 17. gxf3 
N@h3+ 18. Kg2 P@f2 19. Re2 Bxf3+ 20. Nxf3 P@e4 21. Nh4 Bg4 22. P@b7 Rd8 
23. N@f5 Bf3+ 24. Kxh3 Rxg3+ 25. hxg3 N@g1+ 26. Kh2 Bxe2 27. R@g8# 
{Firefly resigns} 1-0

[Event "fics rated crazyhouse match"]
[Site "fics, Oklahoma City, OK USA"]
[Date "2000.03.02"]
[White "Firefly"]
[WhiteElo "2529"]
[Black "pminear"]
[BlackElo "2466"]
[TimeControl "60+0"]
[Result "1-0"]

1. e4 e5 2. Nf3 Nc6 3. Bc4 Bc5 4. O-O Nf6 5. c3 Nxe4 6. Bxf7+ 
Kxf7 7. d4 Bd6 8. dxe5 Nxe5 9. Nxe5+ Bxe5 10. Qd5+ B@e6 11. Qxe4 Bf6 
12. P@f5 N@c5 13. Qg4 Bxf5 14. Qxf5 d6 15. N@g5+ Kf8 16. Nxh7+ Rxh7 17. Qxh7 
N@e7 18. R@h8+ Kf7 19. Rxd8 P@h3 20. B@h5+ Ke6 21. Q@f7+ Ke5 22. N@f3# 
{pminear checkmated} 1-0

[Event "fics rated crazyhouse match"]
[Site "fics, Oklahoma City, OK USA"]
[Date "2000.03.02"]
[White "pminear"]
[WhiteElo "2459"]
[Black "Firefly"]
[BlackElo "2536"]
[TimeControl "60+0"]
[Result "0-1"]

1. e4 Nf6 2. Nc3 e5 3. Nf3 Bc5 4. d4 exd4 5. Nxd4 Nc6 6. Nf5 
Rg8 7. P@d4 Bb4 8. e5 Ne4 9. Qf3 d5 10. exd6 Nxd6 11. Nxd6+ cxd6 
12. Bb5 Qe7+ 13. Be3 N@h4 14. Qh5 Nxg2+ 15. Kd1 Bxc3 16. Qxh7 Nxe3+ 17. fxe3 
B@f3+ 18. P@e2 N@f2+ 19. Kc1 Bxb2+ 20. Kxb2 P@c3+ 21. Kxc3 Qxe3+ 22. Kb2 Qxd4+ 
23. P@c3 P@a3+ 24. Kb1 Qxc3 25. Qxg8+ Ke7 26. B@d8+ Ke6 27. N@g5+ Kf5 28. Qxf7+ 
P@f6 29. N@g3+ Kxg5 30. h4+ Kf4 31. e3+ Kxe3 32. Re1+ Qxe1# 
{pminear resigns} 0-1

[Event "fics rated crazyhouse match"]
[Site "fics, Oklahoma City, OK USA"]
[Date "2000.03.02"]
[White "Firefly"]
[WhiteElo "2542"]
[Black "pminear"]
[BlackElo "2453"]
[TimeControl "60+0"]
[Result "1-0"]

1. e4 e5 2. Nf3 Nc6 3. Bc4 Bc5 4. O-O Nf6 5. c3 Nxe4 6. Bxf7+ 
Kxf7 7. d4 exd4 8. cxd4 Be7 9. d5 Nb4 10. Nc3 Nxc3 11. bxc3 B@f6 
12. N@e5+ Kf8 13. cxb4 P@d6 14. N@g6+ hxg6 15. Nxg6+ Kg8 16. Nxh8 Kxh8 17. P@g6 
N@f8 18. P@f7 Nxg6 19. R@e8+ Qxe8 20. fxe8=Q+ N@f8 21. P@f7 
{pminear resigns} 1-0

[Event "fics rated crazyhouse match"]
[Site "fics, Oklahoma City, OK USA"]
[Date "2000.03.02"]
[White "pminear"]
[WhiteElo "2447"]
[Black "Firefly"]
[BlackElo "2548"]
[TimeControl "60+0"]
[Result "0-1"]

1. e4 e6 2. Nc3 Nc6 3. d4 d5 4. Nf3 Bb4 5. e5 Nge7 6. Bg5 
h6 7. Bh4 Qd7 8. Bb5 Nf5 9. Bg3 a6 10. Bxc6 Qxc6 11. O-O Bxc3 
12. bxc3 Qxc3 13. N@h5 B@g4 14. Nxg7+ Nxg7 15. B@f6 Bxf3 16. Bxg7 Bxd1 17. N@f6+ 
Kd8 18. Bxh8 Bd7 19. P@e7+ Kxe7 20. Raxd1 P@h3 21. B@d6+ Kd8 22. Bxc7+ Kxc7 
23. Nxd5+ exd5 24. e6+ Qxg3 25. hxg3 N@e2+ 26. Kh2 N@f3+ 27. Kxh3 B@f5# 
{pminear resigns} 0-1

[Event "fics rated crazyhouse match"]
[Site "fics, Oklahoma City, OK USA"]
[Date "2000.03.02"]
[White "Firefly"]
[WhiteElo "2554"]
[Black "pminear"]
[BlackElo "2441"]
[TimeControl "60+0"]
[Result "1-0"]

1. e4 e5 2. Nf3 Nc6 3. Bc4 Bc5 4. c3 Nf6 5. O-O O-O 6. d4 
exd4 7. cxd4 Nxe4 8. dxc5 Nxc5 9. Nc3 d6 10. P@h6 gxh6 11. Bxh6 P@g7 
12. Bxg7 Kxg7 13. P@g5 P@h3 14. B@f6+ Kg8 15. Bxd8 hxg2 16. Re1 P@g7 17. P@f6 
B@h8 18. fxg7 Bxg7 19. Bf6 Bxf6 20. gxf6 B@h6 21. P@g7 
{pminear resigns} 1-0

[Event "fics rated crazyhouse match"]
[Site "fics, Oklahoma City, OK USA"]
[Date "2000.03.02"]
[White "pminear"]
[WhiteElo "2435"]
[Black "Firefly"]
[BlackElo "2559"]
[TimeControl "60+0"]
[Result "1-0"]

1. e4 e6 2. Nc3 Nc6 3. d4 d5 4. exd5 exd5 5. Bb5 Bb4 6. Qe2+ 
Qe7 7. Bg5 f6 8. Be3 P@a3 9. P@d2 axb2 10. Rb1 Bxc3 11. dxc3 N@e4 
12. B@a4 Bd7 13. Bxc6 Bxc6 14. Bxc6+ bxc6 15. N@f5 Nxc3 16. Nxe7 Nxe2 17. Nxg8 
B@b4+ 18. B@d2 Nxg1 19. Rxg1 Q@e7 20. Nxe7 Bxe7 21. Q@e6 B@d6 22. Q@f7+ Kd8 
23. N@b7# 
{Firefly checkmated} 1-0

[Event "fics rated crazyhouse match"]
[Site "fics, Oklahoma City, OK USA"]
[Date "2000.03.02"]
[White "Firefly"]
[WhiteElo "2548"]
[Black "pminear"]
[BlackElo "2446"]
[TimeControl "60+0"]
[Result "1-0"]

1. e4 e5 2. Nf3 Nc6 3. Bc4 Bc5 4. O-O Nf6 5. c3 d5 6. exd5 
Nxd5 7. P@h6 Be6 8. d4 exd4 9. cxd4 Bf8 10. hxg7 Bxg7 11. P@h6 Bf6 
12. P@e5 Be7 13. Nc3 Rg8 14. Bxd5 Bxd5 15. N@g7+ Kf8 16. Nxd5 Qxd5 17. B@g5 
P@e4 18. Bxe7+ Nxe7 19. B@f6 exf3 20. Bxe7+ Kxe7 21. Bg5+ Kf8 22. Qxf3 Rxg7 
23. hxg7# 
{pminear resigns} 1-0

[Event "fics rated crazyhouse match"]
[Site "fics, Oklahoma City, OK USA"]
[Date "2000.03.02"]
[White "pminear"]
[WhiteElo "2440"]
[Black "Firefly"]
[BlackElo "2554"]
[TimeControl "60+0"]
[Result "0-1"]

1. e4 e6 2. Nc3 Nc6 3. d4 d5 4. Nf3 Nf6 5. exd5 Nxd5 6. Bb5 
Bb4 7. Bd2 P@a3 8. Nxd5 Bxd2+ 9. Qxd2 axb2 10. Rd1 Qxd5 11. c4 Qe4+ 
12. N@e3 N@f4 13. B@f1 B@c1 14. Qc2 Qxc2 15. Nxc2 P@e2 16. Bxe2 Nxg2+ 17. Kf1 
Nf4 18. P@g2 P@h3 19. Nh4 hxg2+ 20. Nxg2 Nxe2 21. Bxc6+ bxc6 22. P@f6 gxf6 
23. N@g7+ Kd8 24. d5 Ng3+ 25. hxg3 P@e2+ 26. Kxe2 B@g4+ 27. f3 Bxf3+ 28. Kxf3 
P@e4# 
{pminear forfeits on time} 0-1

[Event "fics rated crazyhouse match"]
[Site "fics, Oklahoma City, OK USA"]
[Date "2000.03.02"]
[White "Firefly"]
[WhiteElo "2559"]
[Black "pminear"]
[BlackElo "2435"]
[TimeControl "60+0"]
[Result "0-1"]

1. e4 e5 2. Nf3 Nc6 3. Bc4 Bc5 4. O-O Nf6 5. c3 Nxe4 6. Bxf7+ 
Kxf7 7. d4 exd4 8. cxd4 Be7 9. d5 B@g6 10. dxc6 bxc6 11. Nc3 Nxc3 
12. bxc3 d6 13. N@g5+ Kg8 14. P@e6 N@h6 15. P@f7+ Kf8 16. N@h4 P@f6 17. Nxh7+ 
Bxh7 18. Bxh6 Bxe6 19. N@g6+ Kxf7 20. Nxh8+ Qxh8 21. P@g6+ Bxg6 22. Nxg6 Qxh6 
23. Ngh4 B@f5 24. Nxf5 Bxf5 25. B@e3 P@f4 26. Bxf4 Qxf4 27. B@g3 Qg4 28. Nh4 
Qxd1 29. Rfxd1 B@e6 30. Q@h5+ P@g6 31. Qh7 N@e5 32. Nxf5 Bxf5 33. Bxe5 N@f3# 
{Firefly forfeits on time} 0-1

[Event "fics rated crazyhouse match"]
[Site "fics, Oklahoma City, OK USA"]
[Date "2000.03.02"]
[White "pminear"]
[WhiteElo "2446"]
[Black "Firefly"]
[BlackElo "2548"]
[TimeControl "60+0"]
[Result "1-0"]

1. e4 e6 2. Nc3 Nc6 3. Nf3 d5 4. Bb5 dxe4 5. Nxe4 Nf6 6. Nxf6+ 
gxf6 7. P@a6 P@d7 8. axb7 Bxb7 9. Bxc6 Bxc6 10. N@h5 B@h6 11. P@g5 Rg8 
12. Nxf6+ Qxf6 13. gxf6 Rxg2 14. P@e7 Bxe7 15. fxe7 N@e4 16. Qe2 Rg6 17. Ne5 
Nxf2 18. Qxf2 Bxh1 19. Qxf7# 
{Firefly checkmated} 1-0

[Event "fics rated crazyhouse match"]
[Site "fics, Oklahoma City, OK USA"]
[Date "2000.03.02"]
[White "Firefly"]
[WhiteElo "2538"]
[Black "pminear"]
[BlackElo "2456"]
[TimeControl "60+0"]
[Result "0-1"]

1. e4 e5 2. Nf3 Nc6 3. Bc4 Bc5 4. O-O Nf6 5. c3 Nxe4 6. Bxf7+ 
Kxf7 7. d4 exd4 8. cxd4 Be7 9. d5 B@g6 10. dxc6 bxc6 11. Nc3 Nxc3 
12. bxc3 d6 13. N@g5+ Kg8 14. P@e6 N@h6 15. P@f7+ Kf8 16. N@h4 P@f6 17. Nxh7+ 
Bxh7 18. Bxh6 Bxe6 19. Bxg7+ Kxg7 20. N@h5+ Kxf7 21. P@g6+ Bxg6 22. Nxg6 Rxh5 
23. Nf4 Rh6 24. Nxe6 Kxe6 25. B@g4+ Kf7 26. B@d5+ Kg7 27. Bxc6 N@f4 28. Bxa8 
P@e2 
{Firefly resigns} 0-1

[Event "fics rated crazyhouse match"]
[Site "fics, Oklahoma City, OK USA"]
[Date "2000.03.02"]
[White "pminear"]
[WhiteElo "2466"]
[Black "Firefly"]
[BlackElo "2528"]
[TimeControl "60+0"]
[Result "0-1"]

1. e4 e6 2. Nc3 Nc6 3. d4 d5 4. exd5 exd5 5. Bb5 Bb4 6. Qe2+ 
Qe7 7. Bf4 P@a3 8. P@d2 axb2 9. Rb1 Bxc3 10. dxc3 N@e4 11. B@d2 Ngf6 
12. Rxb2 Be6 13. Bxc6+ bxc6 14. N@e5 B@b5 15. Rxb5 cxb5 16. Qxb5+ P@d7 17. P@b7 
Rb8 18. P@g5 Rg8 19. gxf6 gxf6 20. N@c6 R@a1+ 21. B@d1 dxc6 22. Nxc6 Qd7 
23. Nf3 Rxg2 24. Bfe3 Rg6 25. P@a4 N@g2+ 26. Ke2 P@g4 27. Ng1 P@f3+ 28. Nxf3 
gxf3+ 29. Kxf3 Nh4+ 30. Ke2 Bg4+ 31. Ke1 Rxd1# 
{pminear checkmated} 0-1

[Event "fics rated crazyhouse match"]
[Site "fics, Oklahoma City, OK USA"]
[Date "2000.03.02"]
[White "Firefly"]
[WhiteElo "2535"]
[Black "pminear"]
[BlackElo "2459"]
[TimeControl "60+0"]
[Result "1-0"]

1. e4 e5 2. Nf3 Nc6 3. Bc4 Bc5 4. O-O Nf6 5. c3 Nxe4 6. Bxf7+ 
Kxf7 7. d4 exd4 8. cxd4 Be7 9. d5 B@g6 10. dxc6 bxc6 11. Nc3 Nxc3 
12. bxc3 d6 13. N@g5+ Kg8 14. N@e6 Qd7 15. Nf4 P@f7 16. P@e6 Qe8 17. Nxg6 
Bxe6 18. Nxh8 Kxh8 19. Nxe6 fxe6 20. P@h6 gxh6 21. Bxh6 N@f5 22. P@g7+ Nxg7 
23. Bxg7+ Kxg7 24. B@f4 N@f5 25. B@g5 N@h5 26. Bxe7 Qxe7 27. R@g5+ P@g6 28. B@g3 
B@f6 29. Rxh5 gxh5 30. Re1 P@g5 31. Nxg5 Bxg5 32. Bxg5 Qxg5 33. B@f4 Nxg3 
34. hxg3 N@e2+ 35. Qxe2 P@h2+ 36. Kh1 R@g1+ 37. Rxg1 hxg1=Q+ 38. Kxg1 P@h2+ 39. Kxh2 
R@g1 40. Kxg1 P@h2+ 41. Kh1 Qg6 42. R@f7+ Kxf7 43. R@g8 
{pminear forfeits on time} 1-0

[Event "fics rated crazyhouse match"]
[Site "fics, Oklahoma City, OK USA"]
[Date "2000.03.02"]
[White "pminear"]
[WhiteElo "2453"]
[Black "Firefly"]
[BlackElo "2541"]
[TimeControl "60+0"]
[Result "0-1"]

1. e4 e6 2. d4 Nc6 3. Nf3 d5 4. exd5 exd5 5. Bb5 Bb4+ 6. Bd2 
Qe7+ 7. Ne5 Bxd2+ 8. Qxd2 P@d6 9. O-O dxe5 10. dxe5 B@e4 11. f3 Qxe5 
12. fxe4 Qxe4 13. B@f3 Qe7 14. Re1 P@e4 15. Qxd5 Nf6 16. Bxc6+ bxc6 17. Qxc6+ 
P@d7 18. Qxa8 O-O 19. N@f5 Qe5 20. P@e7 Re8 21. R@f8+ Rxf8 22. exf8=Q+ Kxf8 
23. Qxc8+ R@e8 24. R@h8+ N@g8 25. P@e7+ Qxe7 26. Nxe7 Rxc8 27. Nxg8 B@c5+ 28. Kh1 
Nxg8 29. B@h4 P@f6 30. Rxg8+ Kxg8 31. N@h6+ gxh6 32. P@g7 N@g6 33. N@h5 P@f2 
34. Nxf6+ Kxg7 35. Nh5+ Kf8 36. P@g7+ Kg8 37. Nf6+ Kxg7 38. Nh5+ Kf8 39. Q@g7+ 
Ke8 
{pminear forfeits on time} 0-1

[Event "fics rated crazyhouse match"]
[Site "fics, Oklahoma City, OK USA"]
[Date "2000.03.02"]
[White "JiggaB"]
[WhiteElo "2030"]
[Black "Thufir"]
[BlackElo "2396"]
[TimeControl "60+0"]
[Result "0-1"]

1. e4 e6 2. Nc3 Nc6 3. d4 Nf6 4. Bg5 Be7 5. e5 Nd5 6. Bxe7 
Qxe7 7. Nxd5 exd5 8. Nf3 d6 9. B@g5 f6 10. Bxf6 gxf6 11. P@h6 dxe5 
12. N@g7+ Kd8 13. dxe5 Nxe5 14. Qxd5+ Bd7 15. Nxe5 Qxe5+ 16. Qxe5 fxe5 17. P@e7+ 
Kc8 18. Q@d8+ Rxd8 19. exd8=Q+ Kxd8 20. N@e6+ Bxe6 21. R@e8+ Kd7 22. Rd1+ P@d4 
23. Rxe6 B@a5+ 24. B@d2 Q@e4+ 25. P@e3 Bxd2+ 26. Rxd2 Q@a1+ 27. B@d1 B@a5 28. Bb5+ 
P@c6 29. Bxc6+ bxc6 30. O-O Bxd2 31. Rf6 N@h3+ 32. Kh1 P@e6 33. Rf7+ B@e7 
34. Rxe7+ Kxe7 35. B@h4+ B@f6 36. Bxf6+ Kxf6 37. B@h4+ Kf7 38. P@g6+ Kxg6 39. Bf3 
Kxh6 40. Rg1 Nxg1 41. Bg5+ Kxg5 42. h4+ Kf6 43. g3 Ke7 44. Kg2 Nxf3 
{JiggaB forfeits on time} 0-1

[Event "fics rated crazyhouse match"]
[Site "fics, Oklahoma City, OK USA"]
[Date "2000.03.02"]
[White "Thufir"]
[WhiteElo "2398"]
[Black "JiggaB"]
[BlackElo "2027"]
[TimeControl "60+0"]
[Result "1-0"]

1. e4 Nf6 2. Nc3 d5 3. exd5 Nxd5 4. d4 e6 5. Nf3 Nc6 6. Bd3 
Bb4 7. Bd2 Nxc3 8. bxc3 Bxc3 9. Bxc3 N@a4 10. B@d2 P@b4 11. Bxb4 Nxb4 
12. Bxb4 B@c4 13. Bxc4 P@d5 14. P@e7 Qxe7 15. Bxe7 Kxe7 16. B@h4+ B@f6 17. Bxf6+ 
gxf6 18. P@e5 P@g7 19. B@a3+ B@c5 20. Bxc5+ Nxc5 21. B@d6+ cxd6 22. exd6+ Kxd6 
23. dxc5+ Kd7 24. Q@d6+ Ke8 25. N@c7# 
{JiggaB checkmated} 1-0

[Event "fics rated crazyhouse match"]
[Site "fics, Oklahoma City, OK USA"]
[Date "2000.03.02"]
[White "JiggaB"]
[WhiteElo "2024"]
[Black "Thufir"]
[BlackElo "2400"]
[TimeControl "60+0"]
[Result "0-1"]

1. e4 e6 2. Nc3 Nc6 3. d4 Nf6 4. Bg5 Be7 5. e5 Nd5 6. Bxe7 
Qxe7 7. Nxd5 exd5 8. Nf3 d6 9. B@g5 f6 10. Bxf6 gxf6 11. Qe2 dxe5 
12. dxe5 N@d4 13. Nxd4 Nxd4 14. P@f7+ Kd8 15. exf6 N@f3+ 16. gxf3 Nxf3+ 17. Kd1 
Qxe2+ 18. Bxe2 Q@d2# 
{JiggaB checkmated} 0-1

[Event "fics rated crazyhouse match"]
[Site "fics, Oklahoma City, OK USA"]
[Date "2000.03.02"]
[White "Thufir"]
[WhiteElo "2402"]
[Black "JiggaB"]
[BlackElo "2021"]
[TimeControl "60+0"]
[Result "1-0"]

1. e4 Nf6 2. Nc3 d5 3. exd5 Nxd5 4. d4 e6 5. Bd3 Nc6 6. Nf3 
Bb4 7. Bd2 Nxc3 8. bxc3 P@b2 9. Rb1 Ba3 10. N@h5 Rg8 11. Bxh7 Rf8 
12. Nxg7+ Ke7 13. Bg5+ f6 14. Bh6 Rf7 15. Qe2 Nxd4 16. Nxd4 Qxd4 17. N@f5+ 
Kd7 18. Nxd4 N@h4 19. Qxe6+ Kd8 20. Qe8# 
{JiggaB checkmated} 1-0

[Event "fics rated crazyhouse match"]
[Site "fics, Oklahoma City, OK USA"]
[Date "2000.03.02"]
[White "JiggaB"]
[WhiteElo "2019"]
[Black "Thufir"]
[BlackElo "2404"]
[TimeControl "60+0"]
[Result "0-1"]

1. e4 e6 2. Nc3 d6 3. d4 Nf6 4. Nf3 Be7 5. Bg5 O-O 6. e5 
Nd5 7. Nxd5 exd5 8. Bxe7 Qxe7 9. B@g5 f6 10. Bxf6 gxf6 11. N@h5 dxe5 
12. P@g7 Re8 13. dxe5 B@g4 14. Qxd5+ B@f7 15. Nxf6+ Qxf6 16. Qxf7+ Qxf7 17. Ng5 
Rxe5+ 18. B@e3 P@d2+ 19. Kxd2 Rxg5 20. Bxg5 N@e4+ 21. Ke3 Q@d2+ 22. Kxe4 N@c5+ 
23. Ke5 Qd6# 
{JiggaB checkmated} 0-1

[Event "fics rated crazyhouse match"]
[Site "fics, Oklahoma City, OK USA"]
[Date "2000.03.02"]
[White "Thufir"]
[WhiteElo "2406"]
[Black "JiggaB"]
[BlackElo "2017"]
[TimeControl "60+0"]
[Result "1-0"]

1. e4 e6 2. d4 d5 3. exd5 exd5 4. Bb5+ Bd7 5. Qe2+ Qe7 6. Nc3 
Nf6 7. Bxd7+ Nbxd7 8. P@e5 Ne4 9. Nxd5 Qd8 10. Qxe4 P@e6 11. Ne3 B@d5 
12. Nxd5 exd5 13. Qxd5 Nb6 14. Qxb7 N@a5 15. B@b5+ c6 16. Bxc6+ Nxc6 17. Qxc6+ 
Qd7 18. N@c7+ Kd8 19. B@h4+ Be7 20. Bxe7+ Kxe7 21. B@d6+ Kd8 22. P@e7+ Kc8 
23. P@b7+ Kb8 24. N@a6# 
{JiggaB checkmated} 1-0

[Event "fics rated crazyhouse match"]
[Site "fics, Oklahoma City, OK USA"]
[Date "2000.03.02"]
[White "Thufir"]
[WhiteElo "2410"]
[Black "JiggaB"]
[BlackElo "2013"]
[TimeControl "60+0"]
[Result "1-0"]

1. e4 Nf6 2. Nc3 d5 3. exd5 Nxd5 4. d4 Nxc3 5. bxc3 e6 6. Nf3 
Nc6 7. Bb5 P@f6 8. O-O Bd7 9. Rb1 a6 10. Bxc6 Bxc6 11. P@e5 B@g4 
12. exf6 Bgxf3 13. gxf3 N@h3+ 14. Kh1 N@h4 15. P@g2 Nxg2 16. Kxg2 Bxf3+ 17. Qxf3 
Ng5 18. Bxg5 
{JiggaB resigns} 1-0

[Event "fics rated crazyhouse match"]
[Site "fics, Oklahoma City, OK USA"]
[Date "2000.03.03"]
[White "Firefly"]
[WhiteElo "2547"]
[Black "venomous"]
[BlackElo "2429"]
[TimeControl "60+0"]
[Result "0-1"]

1. e4 e6 2. Nc3 Nc6 3. d4 Bb4 4. e5 d6 5. exd6 cxd6 6. Nf3 
Nf6 7. Bg5 P@e7 8. a3 Bxc3+ 9. bxc3 N@e4 10. B@d2 Nxg5 11. Bxg5 B@b2 
12. N@b5 a6 13. Rb1 axb5 14. Rxb2 N@e4 15. Bxb5 Nxg5 16. Nxg5 Rxa3 17. B@b4 
B@f4 18. Nh3 P@d2+ 19. Kf1 Bxh2 20. Rxh2 P@g4 21. Nf4 Ra8 22. Qxd2 e5 
23. dxe5 O-O 24. Bxc6 bxc6 25. exf6 Ra1+ 26. N@b1 exf6 27. B@d3 P@f5 28. P@h6 
gxh6 29. Rxh6 B@g7 30. Rh1 P@a2 31. Ke2 axb1=Q 32. Rhxb1 N@e5 33. Rxa1 Nxd3 
34. cxd3 B@g5 35. P@e3 Re8 36. P@e4 Bxf4 37. exf4 fxe4 38. dxe4 P@f3+ 39. gxf3 
gxf3+ 40. Kd1 P@e2+ 41. Kc2 Rxe4 42. B@d3 P@b3+ 43. Rxb3 N@f1 44. Rxf1 exf1=N 
45. Bxf1 R@e2 
{Firefly forfeits on time} 0-1